 Dungeon Crawl Stone Soup version 0.30-a0-634-g8abc85282e (webtiles) character file.

Game seed: 3536949780817250765

26 Svetislav95 the Slasher (level 3, -1/29 HPs)
             Began as a Human Berserker on Jan 14, 2023.
             Was a Follower of Trog.
             Slain by Robin
             ... wielding a +0 mace
              (5 damage)
             ... on level 2 of the Dungeon.
             The game lasted 00:09:47 (1190 turns).

Svetislav95 the Slasher (Human Berserker)           Turns: 1190, Time: 00:09:48

Health: -1/29      AC:  6    Str: 19    XL:     3   Next: 22%
Magic:  3/3        EV: 11    Int:  7    God:    Trog [*.....]
Gold:   64         SH:  0    Dex: 12    Spells: 2/2 levels left

rFire   . . .      SeeInvis .    a - +0 falchion
rCold   . . .      Faith    .    (no shield)
rNeg    . . .      Spirit   .    h - +1 ring mail {Will+}
rPois   .          Reflect  .    (no helmet)
rElec   .          Harm     .    (no cloak)
rCorr   .          Rampage  .    (no gloves)
Will    +....                    (no boots)
Stlth   +                        (no amulet)
HPRegen 0.24/turn                (no ring)
MPRegen 0.08/turn                (no ring)

@: no status effects
A: no striking features
a: Renounce Religion, Berserk


You were on level 2 of the Dungeon.
You worshipped Trog.
Trog was aware of your devotion.
You visited 1 branch of the dungeon, and saw 2 of its levels.

You collected 64 gold pieces.

Inventory:

Hand Weapons
 a - a +0 falchion (weapon)
 d - a +2 dagger of electrocution
Armour
 b - a +0 animal skin
 f - a +0 robe
 h - a +1 ring mail of willpower (worn)
Scrolls
 e - 2 scrolls of identify {unknown}
 g - a scroll of fog {unknown}
 i - a scroll of magic mapping {unknown}
 k - 2 scrolls of enchant armour {unknown}
Potions
 c - a potion of curing {unknown}
 j - 2 potions of cancellation {unknown}


   Skills:
 + Level 3.4 Fighting
 + Level 3.5 Long Blades
 + Level 2.1 Armour
 + Level 2.2 Dodging


You had 2 spell levels left.
You didn't know any spells.
Your spell library was empty.

Dungeon Overview and Level Annotations

Branches:
Dungeon (2/15)

Altars:

Annotations:
D:2 Robin


Message History

The goblin barely misses you.
Robin of the Strong Arm comes into view.
They are wielding a +0 mace.
The goblin hits you but does no damage. x2
Robin shouts!
You hit the goblin.
You kill the goblin!
Trog accepts your kill. The goblin hits you with a +0 club.
The goblin closely misses you.
You see here a +0 club.
You hit the goblin.
The goblin is moderately wounded.
Robin throws the goblin at you! The goblin barely misses you.
A bat comes into view.
A hobgoblin comes into view.
The goblin hits you but does no damage.
You closely miss the goblin.
The goblin is moderately wounded.
Robin throws the goblin at you! The goblin closely misses you.
The bat closely misses you.
You hit Robin but do no damage. The bat barely misses you.
Robin roars a battlecry!
The goblins go into a battle-frenzy!
The goblin misses you.
You hit Robin but do no damage. The bat hits you but does no damage.
Robin hits you with a +0 mace. The hobgoblin barely misses you.
The goblin hits you but does no damage.
You hit Robin but do no damage. The bat barely misses you.
Robin barely misses you. The hobgoblin hits you. The goblin closely misses you.
You hit Robin but do no damage. The bat hits you but does no damage.
Robin barely misses you. The hobgoblin hits you.
* * * LOW HITPOINT WARNING * * *
The goblin hits you with a +0 club.
* * * LOW HITPOINT WARNING * * *
You completely miss Robin. The bat hits you but does no damage.
Robin hits you but does no damage. The hobgoblin hits you.
* * * LOW HITPOINT WARNING * * *
The goblin hits you with a +0 club.
* * * LOW HITPOINT WARNING * * *
Robin hits you with a +0 mace.
You die...

#. .
#.#####.
##.......
#.......#
#.......#
#.......#
#.....g.#
#.....b@#
#.....gg#
#.....)<#
####.####
#. #


You could see Robin, a hobgoblin (strong), a goblin (strong) and a bat.

Vanquished Creatures
  3 endoplasms (D:1)
  3 giant cockroaches (D:1)
  6 goblins
  3 hobgoblins (D:1)
  3 ball pythons (D:1)
  2 bats (D:1)
  A kobold (D:1)
  3 rats (D:1)
  2 butterflies (D:1)
26 creatures vanquished.

Notes
Turn   | Place    | Note
-------+----------+-------------------------------------------
     0 | D:1      | Svetislav95 the Human Berserker began the quest for the
                  | Orb.
     0 | D:1      | Reached XP level 1. HP: 18/18 MP: 1/1
   176 | D:1      | Reached XP level 2. HP: 20/24 MP: 2/2
   687 | D:1      | Reached XP level 3. HP: 25/29 MP: 3/3
  1180 | D:2      | Noticed Robin
  1190 | D:2      | Slain by Robin

Illustrated notes

Levels and vault maps discovered:
D:1:      spicycebolla_arrival_clurvy, layout_basic
D:2:      layout_loops_cross, dreamdust_ecumenical_altar_drowned_temple,
          dk_noncrumbling_3, ebering_dispersal_statue_hall, uniq_jessica,
          uniq_robin

Action                   || total
-------------------------++-------
Melee: Falchion          ||    77
Armor: Ring mail         ||    28
       Animal skin       ||     1
Dodge: Dodged            ||    58

Table legend: (Time is in decaauts)
 A = Elapsed time spent in this place.
 B = Non-inter-level travel time spent in this place.
 C = Inter-level travel time spent in this place.
 D = Time resting spent in this place.
 E = Time spent auto-exploring this place.
 F = Levels seen in this place.
 G = Mean time per level.
                   A        B        C        D        E       F      G
               +--------+--------+--------+--------+--------+-----+--------+
         Total |   1200 |   1134 |     66 |      0 |      0 |   2 |  600.0 |
       Dungeon |   1200 |   1134 |     66 |      0 |      0 |   2 |  600.0 |
               +--------+--------+--------+--------+--------+-----+--------+

Top non-repeatable levels by time:
     D:1: 1179 daAuts
     D:2: 20 daAuts
